 Dungeon Crawl Stone Soup version 0.28-a0-925-gd5e1996cdb (webtiles) character file.

Game seed: 15670785521015880535

110 MacCMillion the Skirmisher (level 4, -4/41 HPs)
             Began as a Hill Orc Fighter on Nov 26, 2021.
             Slain by Terence (9 damage)
             ... on level 3 of the Dungeon.
             The game lasted 00:05:54 (2565 turns).

MacCMillion the Skirmisher (Hill Orc Fighter)       Turns: 2565, Time: 00:05:54

Health: -4/41      AC:  7    Str: 19    XL:     4   Next: 91%
Magic:  4/4        EV:  9    Int:  8    God:
Gold:   52         SH:  4    Dex: 10    Spells: 3/3 levels left

rFire   . . .      SeeInvis .   a - +0 war axe
rCold   . . .      Faith    .   c - +0 buckler
rNeg    . . .      Spirit   .   b - +0 scale mail
rPois   .          Reflect  .   (no helmet)
rElec   .          Harm     .   (no cloak)
rCorr   .          Rampage  .   (no gloves)
Will    .....                   (no boots)
Stlth   ..........              (no amulet)
HPRegen 0.13/turn               (no ring)
MPRegen 0.09/turn               (no ring)

@: no status effects
A: no striking features
a: no special abilities


You were on level 3 of the Dungeon.
You visited 1 branch of the dungeon, and saw 3 of its levels.

You collected 52 gold pieces.

Inventory:

Hand Weapons
 a - a +0 war axe (weapon)
Missiles
 h - 2 javelins
 i - 11 stones
 l - a throwing net
 o - 2 poisoned darts (quivered)
Armour
 b - a +0 scale mail (worn)
 c - a +0 buckler (worn)
Magical Staves
 k - a staff of conjuration
Jewellery
 m - a ring of flight
Scrolls
 e - a scroll of holy word {unknown}
 f - a scroll of fog {unknown}
 g - 4 scrolls of teleportation {unknown}
 n - a scroll of blinking {unknown}
 p - a scroll of identify {unknown}
Potions
 d - a potion of might
 j - a potion of flight {unknown}


   Skills:
 + Level 4.5 Fighting
 + Level 3.8 Axes
 + Level 0.9 Throwing
 + Level 4.0 Armour
 - Level 4.0 Shields


You had 3 spell levels left.
You didn't know any spells.
Your spell library was empty.

Dungeon Overview and Level Annotations

Branches:
Dungeon (3/15)

Altars:
Ashenzari

Shops:
D:2 (

Annotations:
D:3 Terence


Message History

Terence hits you with a +0 flail!
Throw: 2 darts (poison)
Press: ? - help, Q - select action, (/) - cycle Shift-Dir - straight line, f/p - Terence
Aim: Terence, wielding a +0 flail and wearing a +0 scale mail (61% to hit)
Okay, then.
You hit Terence.
Terence is moderately wounded.
You block Terence's attack.
You barely miss Terence.
Terence is moderately wounded.
Terence hits you with a +0 flail.
You hit Terence.
Terence is moderately wounded.
Terence hits you but does no damage.
You hit Terence.
Terence is moderately wounded.
Terence hits you with a +0 flail. Terence closely misses you.
Terence hits you with a +0 flail.
You hit Terence.
Terence is moderately wounded.
You block Terence's attack.
You slash Terence!
Terence is heavily wounded.
Terence completely misses you.
You barely miss Terence.
Terence is heavily wounded.
Terence barely misses you. Terence hits you with a +0 flail.
* * * LOW HITPOINT WARNING * * *
A frilled lizard comes into view.
The frilled lizard hisses angrily.
The frilled lizard barely misses you.
You miss the frilled lizard. You hit Terence but do no damage.
The frilled lizard bites you.
* * * LOW HITPOINT WARNING * * *
Terence hits you with a +0 flail!
* * * LOW HITPOINT WARNING * * *
The frilled lizard bites you but does no damage.
You closely miss the frilled lizard. You barely miss Terence.
Terence hits you with a +0 flail!
You die...

#.# #.....#.#.###.## #.#
#....##....##.# ##.##
###......#....# ##>#.##
#........##.# ###.###.##
#...###.###.# # #..## ##.#
#...# #.....# . #.#.###.##
##..###.###.# .
#.##.#.#######......# #.# .
#.###....@@l....(.#.# #.#
.######.####.#.#####..#.#.#
#.# #.(............#
#..#.#.# #.#
.###.########### #......#
#.# ( #..#
########......###.### (
#..# #..............).....
. #..#
#.####..#.....######. .
#..# #.# #.........# #. .
#..# #.# #.###...### #.


You could see Terence and a frilled lizard.

Vanquished Creatures
  5 adders (D:2)
  A dart slug (D:2)
  6 endoplasms
  2 giant cockroaches (D:1)
  4 goblins
  6 hobgoblins
  6 jackals (D:1)
  9 kobolds
  A quokka (D:3)
  7 ball pythons
  6 bats
  5 rats
58 creatures vanquished.

Notes
Turn   | Place    | Note
-------+----------+-------------------------------------------
     0 | D:1      | MacCMillion the Hill Orc Fighter began the quest for the
                  | Orb.
     0 | D:1      | Reached XP level 1. HP: 19/19 MP: 1/1
   426 | D:1      | Reached XP level 2. HP: 27/27 MP: 2/2
  1032 | D:1      | Found a faded altar of an unknown god.
  1049 | D:1      | Reached XP level 3. HP: 33/33 MP: 3/3
  1612 | D:2      | Reached XP level 4. HP: 30/40 MP: 4/4
  2110 | D:2      | Found Voav's Weapon Emporium.
  2121 | D:2      | Found a broken altar of Ashenzari.
  2500 | D:3      | Noticed Terence
  2565 | D:3      | Slain by Terence

Illustrated notes

Levels and vault maps discovered:
D:1:      mushboom_english_gardens, layout_loops_ring,
          chequers_ecumenical_altar_simple_redux
D:2:      layout_basic, basic_altar, serial_shops, nicolae_diamond_shop,
          st_stairs_8
D:3:      layout_loops_ring, mainiacjoe_overflow_surrounded_room,
          ebering_ghost_rock_garden, feat_on_display, uniq_terence

Skill      XL: |  1  2  3  4 |
---------------+-------------+-----
Axes           | 3 |  3.8
Fighting       | 4 |  4.5
Shields        | 4 |  4.0
Armour         | 4 |  4.0
Throwing       | |  0.9

Action                   |  1- 3 |  4- 6 || total
-------------------------+-------+-------++-------
Melee: War axe           |   100 |    71 ||   171
Throw: Dart              |       |     3 ||     3
Armor: Scale mail        |    43 |    23 ||    66
Dodge: Dodged            |    47 |    33 ||    80
Block: Buckler           |    19 |    12 ||    31

Table legend: (Time is in decaauts)
 A = Elapsed time spent in this place.
 B = Non-inter-level travel time spent in this place.
 C = Inter-level travel time spent in this place.
 D = Time resting spent in this place.
 E = Time spent auto-exploring this place.
 F = Levels seen in this place.
 G = Mean time per level.
                   A        B        C        D        E       F      G
               +--------+--------+--------+--------+--------+-----+--------+
         Total |   2619 |   2593 |     26 |    333 |   1780 |   3 |  873.0 |
       Dungeon |   2619 |   2593 |     26 |    333 |   1780 |   3 |  873.0 |
               +--------+--------+--------+--------+--------+-----+--------+

Top non-repeatable levels by time:
     D:1: 1263 daAuts
     D:2: 1038 daAuts
     D:3: 317 daAuts
